Cogmind - Beta 12 @@@ ROGUE MODE // 2023.03.03 @ 13:20:26 Player: Shin Result: Destroyed by G-50 Soldier with Heavy Laser Performance ------------- Evolutions (4) 2000 Regions Visited (11) 2200 Robots Destroyed (129) 645 Value Destroyed (5420) 5420 Prototype IDs (9) 180 Alien Tech Used (0) 0 Bonus (1034) 1034 TOTAL SCORE: 11479 Bonus ------- High Alert Combat Kills 459 Follower Combat Kills 832 Aligned with FarCom 300 Friendly Fire -557 Cogmind --------- Core Integrity 0/850 Matter 253/450 Energy 99/100 System Corruption 10% Temperature Cool (9) Movement Walking (183) Ox1 Location -6/Cetus Parts ------- > --- POWER (2) -------- (None) > --- PROPULSION (4) --- Carbon-fiber Leg Flexi-carbon Leg Potential Leg > --- UTILITY (6) ------ Huge Storage Unit Compact Matter Pod Targeting Computer Centrium Medium Armor Plating Long-range Tractor Beam > --- WEAPON (3) ------- Gauss Rifle > --- INVENTORY (25) --- Light Fission Core Light Fission Core Light Fission Core Carbon-fiber Leg Carbon-fiber Leg Flexi-carbon Leg Advanced Heat Sink Advanced Heat Sink Advanced Heat Sink Advanced Heat Sink Dynamic Insulation System Chainsword Peak State ------------ > --- POWER ------------ Light Angular Momentum Engine Light Angular Momentum Engine > --- PROPULSION ------- Carbon-fiber Leg Flexi-carbon Leg Potential Leg Potential Leg > --- UTILITY ---------- Advanced Heat Sink Huge Storage Unit Targeting Computer Improved Reaction Control System Centrium Medium Armor Plating Long-range Tractor Beam > --- WEAPON ----------- Advanced KE Penetrator Chainsword > --- INVENTORY -------- Light Angular Momentum Engine Light Fission Core Light Fission Core Carbon-fiber Leg Carbon-fiber Leg Flexi-carbon Leg Advanced Heat Sink Compact Matter Pod Phase Shifter Dynamic Insulation System [Rating: 78] Favorites ----------- Power Reinforced Deuterium Engine Engine Reinforced Deuterium Engine Power Core Light Nuclear Core Propulsion Armored Huge Wheel Treads Armored Treads Leg Aluminum Leg Wheel Armored Huge Wheel Utility Improved Cooling System Device Improved Cooling System Storage Large Storage Unit Processor Machine Analyzer Protection Hardened Heavy Armor Plating Weapon Gatling Laser Energy Gun Gatling Laser Energy Cannon Heavy Ion Cannon Ballistic Gun Coil Gun Ballistic Cannon Gauss Cannon Launcher Shock Bomb Launcher Slashing Weapon Chainsword Piercing Weapon Force Lance Build | -11 -10 -10 -10 -9 -8 -7 -6 -6 -6 -6 -6 ------- Run | Jun Mat Min Exi Min Mat Fac Fac Was Fac Ext Cet Slots Evolved 8 | . . . . . 4 2 2 . . . . Power 1 | . . . . . . . 1 . . . . Propulsion 2 | . . . . . 1 1 . . . . . Utility 4 | . . . . . 2 1 1 . . . . Weapon 1 | . . . . . 1 . . . . . . Parts Attached 142 | . 9 4 8 . 5 34 22 19 1 6 34 Power 16 | . 2 1 . . 1 3 1 2 . 2 4 Engine 14 | . 2 . . . 1 3 1 1 . 2 4 Core 2 | . . 1 . . . . . 1 . . . Reactor . | . . . . . . . . . . . . Propulsion 25 | . 1 1 6 . 1 7 2 . . . 7 Treads 4 | . . . . . . 4 . . . . . Leg 17 | . 1 1 6 . 1 2 . . . . 6 Wheel 4 | . . . . . . 1 2 . . . 1 Hover . | . . . . . . . . . . . . Flight . | . . . . . . . . . . . . Utility 44 | . 4 . 2 . 2 7 3 8 . 3 15 Device 26 | . 1 . 1 . 1 4 1 8 . . 10 Storage 5 | . 2 . . . . 1 1 . . . 1 Processor 3 | . 1 . 1 . . . . . . . 1 Hackware . | . . . . . . . . . . . . Protection 10 | . . . . . 1 2 1 . . 3 3 Artifact . | . . . . . . . . . . . . Weapon 57 | . 2 2 . . 1 17 16 9 1 1 8 Energy Gun 12 | . . . . . . 6 4 . . . 2 Energy Cannon 3 | . . . . . . 2 . . . 1 . Ballistic Gun 21 | . 2 2 . . 1 4 7 3 . . 2 Ballistic Cannon 7 | . . . . . . 1 . 2 1 . 3 Launcher 3 | . . . . . . 3 . . . . . Special Weapon . | . . . . . . . . . . . . Impact Weapon . | . . . . . . . . . . . . Slashing Weapon 10 | . . . . . . 1 5 3 . . 1 Piercing Weapon 1 | . . . . . . . . 1 . . . Special Melee Weapon . | . . . . . . . . . . . . Unidentified Prototypes 5 | . . . 2 . . . . 1 . . 2 Corrupted Parts 1 | . . . . . . 1 . . . . . System Corruption 5 | . . . . . . 5 . . . . . Parts Lost 45 | . 4 . . . . 9 . . . 2 30 Power 8 | . 1 . . . . 1 . . . . 6 Propulsion 8 | . 1 . . . . 2 . . . . 5 Utility 16 | . 1 . . . . 2 . . . 1 12 Weapon 13 | . 1 . . . . 4 . . . 1 7 Highest Loss Streak 8 | . 4 . . . . 8 . . . 2 6 To Critical Strikes . | . . . . . . . . . . . . Average Slot Usage (%) 88 | . 99 99 93 100 99 90 79 79 80 83 75 Engine 9 | . 14 3 . . 6 6 13 12 13 13 9 Core 1 | . . 10 14 14 2 . . . . . . Leg 13 | . 28 28 27 28 27 17 . . . . 14 Wheel 5 | . . . . . . 3 12 13 13 13 3 Device 12 | . 9 . . . 9 14 13 19 20 20 15 Storage 8 | . 14 14 14 14 9 7 6 6 6 6 6 Processor 3 | . 4 14 8 14 9 4 . . . . 2 Protection 6 | . . . . . 8 6 13 6 6 9 5 Energy Gun 5 | . 7 . . . . 10 6 6 6 6 2 Energy Cannon 1 | . . . . . . 3 . . . 3 . Ballistic Gun 12 | . 20 27 28 28 26 5 11 7 6 2 3 Ballistic Cannon 2 | . . . . . . 2 . 1 6 6 5 Naked Turns . | . . . . . . . . . . . . Heaviest Build 160 | 12 29 28 29 28 34 75 151 155 153 153 160 Greatest Support 95 | 20 20 20 60 60 70 88 56 56 56 56 95 Greatest Overweight (x) 44 | . 1 1 9 . . 3 30 2 2 2 44 Average Overweight (x) 1 | . . 1 . . . . 1 2 2 2 2 Largest Inventory Capacity 25 | . 15 15 15 15 15 15 25 25 25 25 25 Average Capacity 18 | . 14 15 15 15 15 15 17 25 25 25 25 Most Carried 25 | . 15 15 15 15 15 15 25 25 25 25 25 Average Carried 16 | . 11 14 14 15 14 13 16 24 24 24 12 Final Capacity 25 | 8 15 15 15 15 15 15 25 25 25 25 25 Final Carried 25 | 6 15 15 15 15 15 15 25 25 25 25 12 Class Distribution -------------------- 32% | Mutant 20% | Skirmisher 16% | Tank 15% | Scavenger-Skirmisher 7% | Scavenger-Mutant 6% | Scavenger-Tank Dominant Class ---------------- Mutant | -10/Materials Mutant | -10/Mines Mutant | -10/Exiles Mutant | -9/Mines Skirmisher | -8/Materials Skirmisher | -7/Factory Tank | -6/Factory Scavenger-Skirmisher | -6/Waste Scavenger-Skirmisher | -6/Factory Tank | -6/Extension Scavenger-Mutant | -6/Cetus Resources | -11 -10 -10 -10 -9 -8 -7 -6 -6 -6 -6 -6 ----------- Run | Jun Mat Min Exi Min Mat Fac Fac Was Fac Ext Cet Matter Collected 3484 | 196 265 46 90 . 232 780 313 245 4 437 876 Remotely 108 | . . . . . . . . . . . 108 Salvage Created 6403 | . 450 97 . . 232 1904 308 1014 167 1102 1129 Parts 315 | . 30 8 . . 21 124 21 17 4 37 53 Haulers Intercepted 8 | . . . . . 1 3 . . 2 2 . Recyclers Shooed 7 | . 3 . . . . 2 1 . . 1 . Parts Field Recycled . | . . . . . . . . . . . . Retrieved Matter . | . . . . . . . . . . . . Parts Self-Destructed . | . . . . . . . . . . . . Prevented . | . . . . . . . . . . . . Kills | -11 -10 -10 -10 -9 -8 -7 -6 -6 -6 -6 -6 ------- Run | Jun Mat Min Exi Min Mat Fac Fac Was Fac Ext Cet Combat Hostiles Destroyed 97 | . 11 2 . . 4 36 6 . . 15 23 Melee 2 | . . . . . . . . . . . 2 Guns 57 | . 11 2 . . 4 16 6 . . 5 13 Cannons 22 | . . . . . . 7 . . . 9 6 AOE 13 | . . . . . . 12 . . . 1 . Classes Destroyed 17 | . 4 . . . 3 9 1 . . . . Worker 4 | . . . . . 1 3 . . . . . Builder 8 | . . . . . . 6 . . . 2 . Hauler 8 | . . . . . 1 3 . . 2 2 . Recycler 3 | . . . . . . 2 . . . 1 . Mechanic 1 | . 1 . . . . . . . . . . Operator 2 | . . . . . . . 1 . . 1 . Watcher 6 | . 1 . . . 2 1 . . . 1 1 Swarmer 14 | . 2 . . . 3 5 . . . . 4 Grunt 38 | . 9 2 . . . 10 . . . 6 11 Brawler 3 | . . . . . . 2 . . . . 1 Duelist 3 | . . . . . . 2 . . . 1 . Protector 1 | . . . . . . 1 . . . . . Sentry 8 | . . . . . 1 . 2 . . 5 . Specialist 2 | . . . . . . 2 . . . . . Hunter 11 | . . . . . . 5 1 . . 2 3 Programmer 11 | . . . . . . 8 3 . . . . Heavy 1 | . . . . . . 1 . . . . . Cetus Guard 4 | . . . . . . . . . . . 4 Thug 1 | . . . . . . . . . . 1 . Best Kill Streak 18 | . 3 2 . . 3 18 2 . 1 6 4 Combat Bots Only 13 | . 3 2 . . 3 13 1 . . 6 4 Max Kills in Single Turn 5 | . 1 1 . . 1 5 1 . 1 3 1 Gunslinging . | . . . . . . . . . . . . Exploded 3 | . . . . . . 3 . . . 1 . Melee 1 | . . . . . . . . . . . 1 Uniques/NPCs Destroyed . | . . . . . . . . . . . . Combat | -11 -10 -10 -10 -9 -8 -7 -6 -6 -6 -6 -6 -------- Run | Jun Mat Min Exi Min Mat Fac Fac Was Fac Ext Cet Damage Taken 10958 | . 586 106 . . 50 2942 327 . . 1035 5912 Core 1249 | . 111 39 . . . 240 . . . 38 821 Absorbed by Shields 68 | . . . . . . . . . . . 68 Regen/Repaired (Parts) 232 | . . . . . . . . 232 . . . Core Remaining (%) 76 | 100 . . . 40 100 65 . . . . . Volleys Fired 292 | . 63 8 . . 17 60 21 . 3 44 76 Largest 3 | . 2 2 . . 3 3 3 . 3 3 3 Hottest 241 | . 70 40 . . 60 208 140 . 158 241 241 Shots Fired 717 | . 126 16 . . 51 165 57 . 9 130 163 Gun 499 | . 126 16 . . 51 88 57 . 6 67 88 Cannon 201 | . . . . . . 60 . . 3 63 75 Launcher 17 | . . . . . . 17 . . . . . Special . | . . . . . . . . . . . . Kinetic 474 | . 119 16 . . 51 52 39 . 6 68 123 Thermal 226 | . 7 . . . . 96 18 . 3 62 40 Explosive 5 | . . . . . . 5 . . . . . Electromagnetic 12 | . . . . . . 12 . . . . . Robot Hit Streak 22 | . 17 22 . . 5 7 15 . 4 10 17 Robot Miss Streak 5 | . 5 2 . . 2 5 4 . 2 5 3 Penetration Max 1 | . . . . . . . . . . 1 1 Secondary Targets 6 | . 1 1 . . . . . . . . 4 Max Gunslinging Chain 1 | . 1 1 . . . . . . . . 1 Shots Hit Robots 543 | . 77 12 . . 29 114 42 52 6 95 116 Core Hits 351 | . 31 6 . . 13 163 19 9 6 55 49 Critical Kills 9 | . . . . . 1 1 . . . . 7 Critical Parts Destroyed 9 | . . . . . . . . . . . 9 Critical Strikes 31 | . . . . . 1 2 . . . 5 23 Burn 2 | . . . . . . . . . . . 2 Meltdown 2 | . . . . . . 1 . . . . 1 Destroy 17 | . . . . . 1 . . . . . 16 Blast 9 | . . . . . . 1 . . . 5 3 Sever 1 | . . . . . . . . . . . 1 Melee Attacks 86 | . . . . . . 4 18 52 . . 12 Impact . | . . . . . . . . . . . . Slashing 86 | . . . . . . 4 18 52 . . 12 Piercing . | . . . . . . . . . . . . Sneak Attacks . | . . . . . . . . . . . . Combat Hostiles . | . . . . . . . . . . . . Follow-up Attacks . | . . . . . . . . . . . . Damage Inflicted 15204 | . 733 101 . . 349 4377 907 2068 173 3154 3342 Guns 6590 | . 733 101 . . 349 1652 907 . 116 1220 1512 Cannons 3633 | . . . . . . 726 . . 57 1355 1495 Explosions 2578 | . . . . . . 1999 . . . 579 . Melee 2403 | . . . . . . . . 2068 . . 335 Ramming . | . . . . . . . . . . . . Kinetic 6049 | . 720 101 . . 349 831 515 . 98 1306 2129 Thermal 4904 | . 13 . . . . 1698 392 . 75 1848 878 Explosive 808 | . . . . . . 808 . . . . . Electromagnetic 1040 | . . . . . . 1040 . . . . . Impact . | . . . . . . . . . . . . Slashing 2403 | . . . . . . . . 2068 . . 335 Piercing . | . . . . . . . . . . . . Highest Corruption 12 | . . . . . . 12 1 1 . . 10 Average Corruption 4 | . . . . . . 6 1 1 . . 10 Corruption Purged 1 | . . . . . . . . 1 . . . Corruption Blocked . | . . . . . . . . . . . . Effects 88 | . . . . . . 45 9 3 . . 31 Message Errors 22 | . . . . . . 10 2 2 . . 8 Matter Fused 18 | . . . . . . 8 1 1 . . 8 Heat Flow Errors 14 | . . . . . . 8 2 . . . 4 Energy Discharges 8 | . . . . . . 6 . . . . 2 Parts Rejected 2 | . . . . . . 1 . . . . 1 Data Loss (minor) 12 | . . . . . . 9 1 . . . 2 Data Loss (major) 3 | . . . . . . . 1 . . . 2 Misfires 3 | . . . . . . 3 . . . . . Alerts 2 | . . . . . . . 1 . . . 1 Weapon Failures 4 | . . . . . . . 1 . . . 3 Overload Shots . | . . . . . . . . . . . . Overflow Damage 199 | . . . . . . 18 . 87 . 77 17 Projectiles 38 | . . . . . . 14 . . . 7 17 Explosions 74 | . . . . . . 4 . . . 70 . Melee 87 | . . . . . . . . 87 . . . Knockbacks 16 | . . . . . . 3 . . . 9 4 Impact . | . . . . . . . . . . . . Kinetic 16 | . . . . . . 3 . . . 9 4 Secondary . | . . . . . . . . . . . . Self-Inflicted Damage 81 | . . . . . . . . . . 81 . Shots 1 | . . . . . . . . . . 1 . Rammed . | . . . . . . . . . . . . Targets Rammed . | . . . . . . . . . . . . Kicked . | . . . . . . . . . . . . Crushed . | . . . . . . . . . . . . Highest Temperature 724 | . 27 21 . . 6 537 203 . . 102 724 Average Temperature 157 | . 9 7 . . 4 125 85 . . 26 276 Received Heat Transfer 2809 | . 258 63 . . 9 666 18 . . 255 1540 Effects 49 | . . . . . . 5 . . . . 44 Shutdowns 18 | . . . . . . 2 . . . . 16 Energy Bleed 6 | . . . . . . 1 . . . . 5 Interference 8 | . . . . . . 2 . . . . 6 Short Circuit 5 | . . . . . . . . . . . 5 Damage (minor) 5 | . . . . . . . . . . . 5 Damage (major) 4 | . . . . . . . . . . . 4 Damage (core) 3 | . . . . . . . . . . . 3 Siege Activations . | . . . . . . . . . . . . Robots Corrupted . | . . . . . . . . . . . . Combat Hostiles . | . . . . . . . . . . . . Parts Fried 6 | . . . . . . 6 . . . . . Impact Corruptions . | . . . . . . . . . . . . Robots Melted 3 | . . . . . . 1 . . . . 2 Combat Hostiles 3 | . . . . . . 1 . . . . 2 Parts Melted 20 | . . . . . . 9 3 . . 7 1 Heat Transferred 8098 | . 37 . . . . 3369 825 . 175 2482 1210 Parts Sabotaged . | . . . . . . . . . . . . Parts Stolen . | . . . . . . . . . . . . Parts Stripped . | . . . . . . . . . . . . Power Chain Reactions 4 | . . . . . . 4 . . . . . Missiles Intercepted . | . . . . . . . . . . . . Alert | -11 -10 -10 -10 -9 -8 -7 -6 -6 -6 -6 -6 ------- Run | Jun Mat Min Exi Min Mat Fac Fac Was Fac Ext Cet Peak Influence 821 | . 189 92 . . 196 821 400 45 544 497 308 Initial 399 | . . 42 . . . 32 399 45 . 244 191 Average 204 | . 58 86 . . 47 387 199 28 228 331 164 Maximum Alert Level 3 | . . . . . . 3 2 . 2 2 1 Low Security (%) 60 | . 100 100 . 100 100 51 43 100 43 . 54 Level 1 25 | . . . . . . 2 55 . 43 77 45 Level 2 5 | . . . . . . 8 1 . 13 22 . Level 3 8 | . . . . . . 37 . . . . . Level 4 . | . . . . . . . . . . . . Level 5 . | . . . . . . . . . . . . High Security . | . . . . . . . . . . . . Max Security . | . . . . . . . . . . . . Squads Dispatched 32 | . 3 . . . 2 10 5 . 6 4 2 Investigation 12 | . 3 . . . . 1 2 . 2 2 2 Extermination 9 | . . . . . . 5 3 . 1 . . Reinforcement 7 | . . . . . 2 3 . . . 2 . Assault 1 | . . . . . . 1 . . . . . Garrison 3 | . . . . . . . . . 3 . . Intercept . | . . . . . . . . . . . . Searches Triggered . | . . . . . . . . . . . . Construction Impeded . | . . . . . . . . . . . . Haulers Reinforced 1 | . . . . . . 1 . . . . . Active Scanning Responses . | . . . . . . . . . . . . Cargo Convoy Interrupts 1 | . . . . . . 1 . . . . . Stealth | -11 -10 -10 -10 -9 -8 -7 -6 -6 -6 -6 -6 --------- Run | Jun Mat Min Exi Min Mat Fac Fac Was Fac Ext Cet Distress Signals 9 | . 1 . . . . 3 1 . . 3 1 Communications Jammed . | . . . . . . . . . . . . Distress Signals . | . . . . . . . . . . . . Times Spotted 162 | . 24 2 . . 8 52 9 . 7 28 32 Peak Tracking Total 12 | . 5 2 . . 3 12 2 . 3 7 6 Tactical Retreats 8 | . 2 . . . . 2 . . . 1 3 Traps | -11 -10 -10 -10 -9 -8 -7 -6 -6 -6 -6 -6 ------- Run | Jun Mat Min Exi Min Mat Fac Fac Was Fac Ext Cet Traps Triggered 7 | . 1 . . . . 4 2 . . . . Indirectly . | . . . . . . . . . . . . Trap Hack Attempts . | . . . . . . . . . . . . Triggered . | . . . . . . . . . . . . Disarmed . | . . . . . . . . . . . . Reprogrammed . | . . . . . . . . . . . . Reused . | . . . . . . . . . . . . Traps Extracted . | . . . . . . . . . . . . Installed . | . . . . . . . . . . . . Triggered . | . . . . . . . . . . . . Exploded 3 | . . . . . 3 . . . . . . Machines | -11 -10 -10 -10 -9 -8 -7 -6 -6 -6 -6 -6 ---------- Run | Jun Mat Min Exi Min Mat Fac Fac Was Fac Ext Cet Machines Disabled 19 | . . . . . 1 6 1 . 1 6 4 Max in Single Turn 3 | . . . . . . 3 1 . . 2 1 Garrison Access 1 | . . . . . . 1 . . . . . Energy Cycler 4 | . . . . . . . . . . 4 . Machines Repaired . | . . . . . . . . . . . . Machines Sabotaged . | . . . . . . . . . . . . Overloaded Fab Kills . | . . . . . . . . . . . . Hacking | -11 -10 -10 -10 -9 -8 -7 -6 -6 -6 -6 -6 --------- Run | Jun Mat Min Exi Min Mat Fac Fac Was Fac Ext Cet Machines Accessed 57 | . 7 . 3 . 5 11 7 . 8 14 2 Terminals 37 | . 5 . . . 5 6 4 . 2 13 2 Fabricators 5 | . . . . . . 2 1 . 2 . . Repair Stations 1 | . . . . . . . 1 . . . . Recycling Units 5 | . 2 . . . . 2 . . . 1 . Scanalyzers 4 | . . . . . . 1 1 . 2 . . Garrison Access 2 | . . . . . . . . . 2 . . Total Hacks 181 | . 22 . 40 . 17 23 18 . 23 29 9 Successful 100 | . 9 . 40 . 10 11 11 . 6 12 1 Failed 81 | . 13 . . . 7 12 7 . 17 17 8 Catastrophic 23 | . 4 . . . 2 3 1 . 4 9 . Database Lockouts . | . . . . . . . . . . . . Manual 36 | . 12 . 1 . 8 8 5 . . 2 . Terminals 96 | . 15 . . . 17 12 9 . 7 27 9 Fabricators 13 | . . . . . . 4 1 . 8 . . Repair Stations 3 | . . . . . . . 3 . . . . Recycling Units 14 | . 7 . . . . 5 . . . 2 . Scanalyzers 11 | . . . . . . 2 5 . 4 . . Garrison Access 4 | . . . . . . . . . 4 . . Terminal Hacks 65 | . 3 . 40 . 5 3 2 . 1 10 1 Record 41 | . . . 40 . . . . . . . 1 Part Schematic 1 | . . . . . . . . . . 1 . Robot Analysis 2 | . . . . . . 1 1 . . . . Prototype ID Bank 3 | . 1 . . . 2 . . . . . . Open Door 8 | . . . . . . . . . . 8 . Open DSF 1 | . . . . . . 1 . . . . . Unreport Threat 1 | . . . . . . . 1 . . . . Locate Traps 2 | . 1 . . . . . . . . 1 . Dispatch Records 1 | . . . . . 1 . . . . . . Hauler Manifests 1 | . . . . . . . . . 1 . . Zone Layout 4 | . 1 . . . 2 1 . . . . . Fabricator Hacks 6 | . . . . . . 1 1 . 4 . . Network Status 3 | . . . . . . 1 1 . 1 . . Load Schematic 1 | . . . . . . . . . 1 . . Build 2 | . . . . . . . . . 2 . . Repair Station Hacks 1 | . . . . . . . 1 . . . . Scan Component 1 | . . . . . . . 1 . . . . Recycling Unit Hacks 6 | . 2 . . . . 3 . . . 1 . Report Inventory 5 | . 2 . . . . 2 . . . 1 . Retrieve Components 1 | . . . . . . 1 . . . . . Scanalyzer 6 | . . . . . . 1 4 . 1 . . Insert Component 4 | . . . . . . 1 2 . 1 . . Analyze 2 | . . . . . . . 2 . . . . Garrison Access Hacks . | . . . . . . . . . . . . Unauthorized Hacks 16 | . 4 . . . 5 3 3 . . 1 . Terminals 9 | . . . . . 5 1 3 . . . . Assimilate 3 | . . . . . 2 1 . . . . . Botnet 6 | . . . . . 3 . 3 . . . . Fabricators . | . . . . . . . . . . . . Repair Stations . | . . . . . . . . . . . . Recycling Units 7 | . 4 . . . . 2 . . . 1 . Reject 2 | . 1 . . . . 1 . . . . . Recyclers 1 | . 1 . . . . . . . . . . Mask 4 | . 2 . . . . 1 . . . 1 . Scanalyzers . | . . . . . . . . . . . . Garrison Access . | . . . . . . . . . . . . Data Cores Recovered . | . . . . . . . . . . . . Used . | . . . . . . . . . . . . Hacking Detections 46 | . 7 . . . 5 9 6 . 8 9 2 Full Trace Events 12 | . 3 . . . . 1 2 . 2 2 2 Feedback Events 1 | . . . . . . 1 . . . . . Corruption 1 | . . . . . . 1 . . . . . Feedback Blocked . | . . . . . . . . . . . . Robot Schematics Acquired . | . . . . . . . . . . . . Robots Built . | . . . . . . . . . . . . Authchips . | . . . . . . . . . . . . Time . | . . . . . . . . . . . . Total Robot Build Rating . | . . . . . . . . . . . . Part Schematics Acquired 3 | . . . . . . . 2 . . 1 . Parts Built 2 | . . . . . . . . . 2 . . Authchips . | . . . . . . . . . . . . Time 223 | . . . . . . . . . 223 . . Total Part Build Rating 13 | . . . . . . . . . 13 . . Parts Repaired . | . . . . . . . . . . . . Time . | . . . . . . . . . . . . Parts Recycled . | . . . . . . . . . . . . Recycled Matter . | . . . . . . . . . . . . Retrieved Matter . | . . . . . . . . . . . . Retrieved Components 6 | . . . . . . 6 . . . . . Parts Scanalyzed 4 | . . . . . . 1 2 . 1 . . Part Schematics Acquired 2 | . . . . . . . 2 . . . . Parts Damaged . | . . . . . . . . . . . . Bothacking | -11 -10 -10 -10 -9 -8 -7 -6 -6 -6 -6 -6 ------------ Run | Jun Mat Min Exi Min Mat Fac Fac Was Fac Ext Cet Used RIF Installer . | . . . . . . . . . . . . Robots Hacked . | . . . . . . . . . . . . Non-combat . | . . . . . . . . . . . . Combat . | . . . . . . . . . . . . Robot Hacks Applied . | . . . . . . . . . . . . Relay Couplers Released 1 | . . . . . . 1 . . . . . Machine Destruction 1 | . . . . . . 1 . . . . . Fabnet Peak Effective % . | . . . . . . . . . . . . Robots Rewired 10 | . . . . . . . . . . 10 . Allies Hacked 1 | . . . . . . . . . 1 . . Hacks Repelled . | . . . . . . . . . . . . Allies | -11 -10 -10 -10 -9 -8 -7 -6 -6 -6 -6 -6 -------- Run | Jun Mat Min Exi Min Mat Fac Fac Was Fac Ext Cet Total Allies 34 | . . . . 1 1 . . 20 . 12 . Largest Group 20 | . . . . 1 1 . . 20 20 5 . Highest-Rated Group 775 | . . . . 31 31 . . 775 775 188 . Highest-Rated Ally 50 | . . . . 31 31 . . 50 50 46 . Total Orders 3 | . . . . . . . . . . 3 . STAY 2 | . . . . . . . . . . 2 . FOLLOW 1 | . . . . . . . . . . 1 . Ally Attacks 202 | . . . . . 4 . . . 95 103 . Total Damage 4614 | . . . . . 43 . . . 2558 2013 . Kills 26 | . . . . . . . . . 15 11 . Allies Corrupted . | . . . . . . . . . . . . Allies Melted . | . . . . . . . . . . . . Intel | -11 -10 -10 -10 -9 -8 -7 -6 -6 -6 -6 -6 ------- Run | Jun Mat Min Exi Min Mat Fac Fac Was Fac Ext Cet Robot Analysis Total 2 | . . . . . . 1 1 . . . . Derelict Logs Recovered . | . . . . . . . . . . . . Drone Launches . | . . . . . . . . . . . . Drone Recoveries . | . . . . . . . . . . . . Exploration | -11 -10 -10 -10 -9 -8 -7 -6 -6 -6 -6 -6 ------------- Run | Jun Mat Min Exi Min Mat Fac Fac Was Fac Ext Cet Turns Passed 11577 | . 1858 151 832 51 1033 2347 1925 631 573 1352 824 Spaces Moved 6575 | 1 828 64 672 57 689 1267 1273 344 383 807 190 Core 4 | . . . 1 . . . 1 . . . 2 Treads 236 | . . . . . . 236 . . . . . Legs 3434 | 1 828 64 671 57 689 969 . . . . 155 Wheels 2901 | . . . . . . 62 1272 344 383 807 33 Hover . | . . . . . . . . . . . . Flight . | . . . . . . . . . . . . Fastest Speed 90 | 120 120 190 90 90 100 105 115 130 130 130 130 Average Speed 140 | 120 189 190 120 90 100 153 121 130 130 130 256 Slowest Speed 2250 | 120 190 190 500 90 100 410 1550 130 130 130 2250 Overloaded Moves . | . . . . . . . . . . . . Propulsion Burnouts . | . . . . . . . . . . . . Robots Hopped . | . . . . . . . . . . . . Cave-ins Triggered 1 | . . . . . . . . . . . 1 Exploration Rate (%) 44 | 1 77 14 93 15 44 24 19 97 11 87 49 Regions Visited 11 Branch Regions 5 Pre-discovered Areas 1 | . . . 1 . . . . . . . . Known Exits Taken . | . . . . . . . . . . . . Unknown Exits Taken 9 | 1 1 1 1 1 1 1 . . 1 1 . Scrap Searched 1 | . . 1 . . . . . . . . . Spaces Dug 26 | . . . . . . 5 19 . . 1 1 Terrain Destroyed 141 | . . . . . . 35 20 . 1 58 27 Melee 22 | . . . . . . 4 18 . . . . Projectile 65 | . . . . . . 15 2 . 1 20 27 AOE 54 | . . . . . . 16 . . . 38 . Terrain Rammed . | . . . . . . . . . . . . Walls Destroyed . | . . . . . . . . . . . . Machines Disabled . | . . . . . . . . . . . . Actions | -11 -10 -10 -10 -9 -8 -7 -6 -6 -6 -6 -6 --------- Run | Jun Mat Min Exi Min Mat Fac Fac Was Fac Ext Cet Total 8230 | . 1010 83 693 56 1001 1529 1575 452 453 1006 372 Wait 800 | . 86 . . . 276 109 210 6 57 26 30 Move 6565 | . 827 63 671 56 688 1266 1273 343 382 806 190 Hop . | . . . . . . . . . . . . Pick Up 124 | . 19 3 4 . 9 27 17 10 5 7 23 Fast Attach 32 | . . 1 4 . . 5 8 11 . 3 . Attach 68 | . 5 1 1 . 4 15 2 3 . 3 34 Detach 5 | . . . . . . 3 . . . . 2 Swap 42 | . 4 2 3 . 1 14 12 5 1 . . Drop 104 | . 6 5 10 . 6 23 14 21 5 9 5 Fire 292 | . 63 8 . . 17 60 21 . 3 44 76 Melee 86 | . . . . . . 4 18 52 . . 12 Ram . | . . . . . . . . . . . . Kick . | . . . . . . . . . . . . Crush . | . . . . . . . . . . . . Escape Stasis 3 | . . . . . . 3 . . . . . Rewire 109 | . . . . . . . . 1 . 108 . Trap . | . . . . . . . . . . . . Miscellaneous . | . . . . . . . . . . . . Route ------- -11/Junkyard -10/Materials (discovered 4 exits: [*Mat x2] / [*Min x2]) -10/Mines -10/Exiles (discovered 2 exits: [*Min x2]) -9/Mines -8/Materials (discovered 2 exits: *Fac x2) -7/Factory -6/Factory -6/Waste -6/Factory -6/Extension (discovered 3 exits: [*Fac x2] / *Cet) -6/Cetus History --------- Turn | Location | Event 1 | -11/Junkyard | Discovered new exit (range 0) 1 | -11/Junkyard | Entered Materials 178 | -10/Materials | Discovered new exit (range 10) 308 | -10/Materials | Build established: Mutant 1128 | -10/Materials | Discovered new exit (range 13) 1293 | -10/Materials | Lost 4 parts (1p1n1u1w) 1624 | -10/Materials | Discovered new exit (range 12) 1823 | -10/Materials | Discovered new exit (range 16) 1859 | -10/Materials | Entered Mines 1874 | -10/Mines | Core integrity fell below 50% 1923 | -10/Mines | Received a Rocket Launcher from a helpful Derelict 1997 | -10/Mines | Deemed a non-threat by the Exiles lab entrance 1999 | -10/Mines | Discovered new exit (range 5) 2010 | -10/Mines | Entered Exiles 2085 | -10/Exiles | Met 8R-AWN 2121 | -10/Exiles | Met EX-HEX 2192 | -10/Exiles | Met EX-BIN 2213 | -10/Exiles | Aligned with FarCom system 2214 | -10/Exiles | Given EX-Vault access code 2340 | -10/Exiles | Opened EX-Vault 2354 | -10/Exiles | Found Prototype Leg 2354 | -10/Exiles | Identified Potential Leg 2387 | -10/Exiles | Found Prototype Device 2387 | -10/Exiles | Identified Supersonic Drone Bay 2408 | -10/Exiles | Found Potential Leg 2430 | -10/Exiles | Warned to stay clear of 0b10 Research branches 2462 | -10/Exiles | Met EX-DEC 2470 | -10/Exiles | Learned location of Zion (-7) 2554 | -10/Exiles | Visited The Gauntlet 2720 | -10/Exiles | Discovered new exit (range 12) 2822 | -10/Exiles | Discovered new exit (range 14) 2842 | -10/Exiles | Left Exiles lab with Potential Leg 2842 | -10/Exiles | Entered Mines 2882 | -9/Mines | Received a Mining Laser from a helpful Derelict 2884 | -9/Mines | Discovered new exit (range 7) 2893 | -9/Mines | Entered Materials 2893 | -8/Materials | Accompanied by 1 ally 2893 | -8/Materials | Evolved 4 slots: Propulsion x1, Utility x2, Weapon x1 3191 | -8/Materials | Build established: Skirmisher 3396 | -8/Materials | Discovered new exit (range 4) 3904 | -8/Materials | Discovered new exit (range 5) 3926 | -8/Materials | Entered Factory 3926 | -7/Factory | Evolved 2 slots: Propulsion x1, Utility x1 5126 | -7/Factory | Discovered new exit (range 15) 5161 | -7/Factory | Cargo convoy interrupted 5235 | -7/Factory | Destroyed 13 combat bots 5298 | -7/Factory | Lost 8 parts (1p2n2u3w) 5349 | -7/Factory | System corruption reached 10% 6000 | -7/Factory | Build established: Mutant 6273 | -7/Factory | Entered another Factory area 6273 | -6/Factory | Evolved 2 slots: Power x1, Utility x1 6575 | -6/Factory | Build established: Tank 7661 | -6/Factory | Build established: Scavenger-Tank 8198 | -6/Factory | Sucked down chute 8198 | -6/Factory | Entered Waste 8199 | -6/Waste | Joined by Warlord forces that had cleared the area 8514 | -6/Waste | Build established: Scavenger-Skirmisher 8659 | -6/Waste | Found Antimissile System 8703 | -6/Waste | Discovered new exit (range 13) 8829 | -6/Waste | Entered Factory 8829 | -6/Factory | Accompanied by 20 allies 9078 | -6/Factory | Garrison activated, responded to threat 9171 | -6/Factory | Fabricated Nova Cannon (x1) 9269 | -6/Factory | Fabricated Phase Shifter? 9383 | -6/Factory | Discovered new exit (range 16) 9402 | -6/Factory | Entered Extension 9402 | -6/Extension | Accompanied by 5 allies 9681 | -6/Extension | Rescued a captive Derelict 9711 | -6/Extension | Energy Cycler disabled 9711 | -6/Extension | Rescued a captive Derelict 9711 | -6/Extension | Rescued a captive Derelict 9711 | -6/Extension | Rescued a captive Derelict 9713 | -6/Extension | Rescued a captive Derelict 9715 | -6/Extension | Rescued a captive Derelict 9716 | -6/Extension | Rescued a captive Derelict 9716 | -6/Extension | Rescued a captive Derelict 9719 | -6/Extension | Rescued a captive Derelict 9719 | -6/Extension | Rescued a captive Derelict 9719 | -6/Extension | Rescued a captive Derelict 9720 | -6/Extension | Rescued a captive Derelict 9726 | -6/Extension | Rescued a captive Derelict 9827 | -6/Extension | Disrupted transfer network 10246 | -6/Extension | Extracted ID and sensor layout for unrecognized location from A7's data core 10253 | -6/Extension | Discovered new exit (range 15) 10284 | -6/Extension | Build established: Tank 10648 | -6/Extension | Discovered new exit (range 10) 10649 | -6/Extension | Discovered new exit (range 6) 10754 | -6/Extension | Entered Cetus 10771 | -6/Cetus | Spotted Cetus Guard 10771 | -6/Cetus | Spotted Cetus Guard 10774 | -6/Cetus | Spotted Cetus Guard 10774 | -6/Cetus | Spotted Cetus Guard 10780 | -6/Cetus | Destroyed Cetus Guard 10827 | -6/Cetus | Destroyed Cetus Guard 10834 | -6/Cetus | Destroyed Cetus Guard 10843 | -6/Cetus | Lost 3 parts (2u1w) 10853 | -6/Cetus | Crushed by falling debris 10853 | -6/Cetus | System corruption reached 10% 10877 | -6/Cetus | Destroyed Cetus Guard 10886 | -6/Cetus | Lost 5 parts (1p2n1u1w) 11098 | -6/Cetus | Core integrity fell below 50% 11109 | -6/Cetus | Lost 5 parts (1p2u2w) 11154 | -6/Cetus | Core integrity fell below 20% 11178 | -6/Cetus | Lost 6 parts (1p1n2u2w) 11471 | -6/Cetus | Build established: Scavenger-Mutant 11508 | -6/Cetus | Lost 3 parts (1p2u) 11578 | -6/Cetus | Destroyed by G-50 Soldier with Heavy Laser Last Messages --------------- 11554_ Slug penetrates G-50 Soldier. 11556_ System corrupted: Matter fused (-9). 11559_ Critical hit (Burn: +37). 11559_ Slug penetrates G-50 Soldier. 11559_ G-50 Soldier destroyed. 11559_ Slug penetrates Cetus Manufacturing Module. 11567_ C-30 ARC bursts open, deploying its payload. 11567_ G-67 Veteran unfolds itself. 11567_ G-50 Soldier unfolds itself. 11568_ Slug penetrates Research Interface. 11568_ Slug penetrates G-50 Soldier. 11569_ Cetus Terminal disabled. 11569_ Table destroyed. 11571_ System corrupted: Hvy. Laser rejected. 11572_ Slug penetrates G-67 Veteran. 11573_ Adv. KE Penetrator destroyed. 11575_ Slug penetrates G-67 Veteran. 11575_ Lgt. Angular Momentum Engine destroyed. 11575_ Flexi-carbon Leg destroyed. 11576_ Adv. Heat Sink destroyed. Map ----- +----------------------------------------------------+ | ???# #?????????????????????????????????????????? | | ???# #?????????????????????????????????????????? | | ???# #?????????????????????????????????????????? | | ???# #?????????????????????????????????????????? | | ???# #??????????????########???????????????????? | | ???# #????????????"""" """ """"????????????????? | | ???# #????????????" """"""" "????????????????? | | ???# #??????????#"""""""""""""""???????????????? | | ???# #??????????#""""" """ """""???????????????? | | ?### #??????????#""""""" """""""#??????????????? | | ## # ]#??????????#""" " " """#? "?????????? | | # ############" """ % """ "#" ""????????? | | """" !"##""" "## "==[! " #???????? | | " % " "%*%=% %" +???????? | | = = "*["=% % /???????? | | * " = [=== /???????? | | """#""""###"" ### g[[*![ #???????? | | ## ## # ## #####?#" "!%=g "" """""#T #???????? | | #?### ######??????######%=###########????????????? | | ???# #????????????#" *[%%g=""#??????????????????? | | ???##?????????????###" gg%=% "#??????????????????? | | ??????????????????#" " /* "#??????????????????? | | ??????????????????###" g "#??????????????????? | | ??????????????????#" ###??????????????????? | | ??????????????????#" "#??????????????????? | | ??????????????????#" @ """#??????????????????? | | ??????????????????#" [ """#??????????????????? | | ??????????????????### "###??????????????????? | | ??????????????????# """#??????????????????? | | ??????????????????#" " T"""#??????????????????? | | ??????????????????#" """"#??????????????????? | | ??????????????????#" " #"###??????????????????? | | ??????????????????# #""????????????????????? | | ??????????????????#""" " #"""???????????????????? | | ??????????????????#########??????????????????????? | | ?????????????????????????????????????????????????? | | ?????????????????????????????????????????????????? | | ?????????????????????????????????????????????????? | | ?????????????????????????????????????????????????? | | ?????????????????????????????????????????????????? | | ?????????????????????????????????????????????????? | | ?????????????????????????????????????????????????? | | ?????????????????????????????????????????????????? | | | | | | | | | | | | | | | +----------------------------------------------------+ Best States ------------- Heat Dissipation 91 Energy Generation 31 Energy Capacity 490 Matter Stores 335 Matter Capacity 450 Sight Range 16 Robot Scan Range 14 Terrain Scan Density 10 Armor Coverage 750 Resistance: KI 20 Resistance: TH 20 Resistance: EM 15 Point Defense Rating 240 Phase Shifting 5 Evasion (%) 57 Targeting Accuracy 5 Recoil Reduction 2 Kinecelleration 30 Item Schematics ----------------- Phase Shifter | -6/Factory | Scanalyzed Dynamic Insulation System | -6/Factory | Scanalyzed Focal Shield | -6/Extension | Hacked Robot Schematics ------------------ None Fabricated ------------ Nova Cannon | x1 | -6/Factory | Preloaded Phase Shifter | x1 | -6/Factory Alien Tech Used ----------------- None Achievements -------------- None Challenges ------------ None Game ------ Seed StructuralLinearImmobilizer Manual? 0 Play Time 02:14:50 Cumulative 92.2 hours Start 2023.03.03 @ 11:02:51 End 2023.03.03 @ 13:20:26 Sessions 1 Manual Loads 0 Difficulty Rogue Special Mode None Game No. 75 Rogue 75 Adventurer 0 Explorer 0 Win Type - Total 0 Types 0/0/0/0/0/0/0/0/0 Lore% 45 Gallery% 55 Achievement% 40 Wizard Run 0 Options --------- ASCII 0 Keyboard 0 Movement Arrows Keybinds 1 Fullscreen 0 Font 16/Terminus Map View 76x50 Tactical HUD 1 Map Filters NONE Filters NONE Steam 1 RUN: b5f5796a-55e2-4cd1-b556-784004144709